 Dungeon Crawl Stone Soup version 0.26.1-11-gd32895ea62 (webtiles) character file.

Game seed: 11096621020073842388

1051 Zeld the Chucker (level 8, 0/55 HPs)
             Began as an Octopode Fighter on May 14, 2021.
             Was an Initiate of Okawaru.
             Killed from afar by a white imp (8 damage)
             ... with a puff of frost
             ... on level 6 of the Dungeon on May 15, 2021.
             The game lasted 00:08:29 (8418 turns).

Zeld the Chucker (Octopode Fighter)                 Turns: 8418, Time: 00:08:29

Health: 0/55       AC:  1    Str: 17    XL:     8   Next: 26%
Magic:  8/8        EV: 12    Int: 11    God:    Okawaru [......]
Gold:   42         SH: 14    Dex: 11    Spells: 7/7 levels left

rFire    . . .     SeeInvis .     - Unarmed
rCold    . . .     Faith    .   a - +5 kite shield
rNeg     . . .     Spirit   .   (helmet restricted)
rPois    .         Reflect  .   (no amulet)
rElec    .         Harm     .   (no ring)
rCorr    .         Rampage  .   (no ring)
Will     .....                  (no ring)
Stlth    ++........             (no ring)
HPRegen  0.18/turn              (no ring)
MPRegen  0.11/turn              (no ring)
                                (no ring)
                                (no ring)

@: lethally poisoned (0 -> 0)
A: almost no armour, stealthy swim, amphibious, 8 rings, constrict 8, camouflage
1, gelatinous body 1
a: Renounce Religion


You were on level 6 of the Dungeon.
You worshipped Okawaru.
Okawaru was noncommittal.
You visited 2 branches of the dungeon, and saw 7 of its levels.

You collected 330 gold pieces.
You spent 288 gold pieces at shops.

Inventory:

Missiles
 r - 7 boomerangs
 s - 22 poisoned darts (quivered)
Armour
 a - a +5 kite shield (worn)
Wands
 p - a wand of paralysis (21)
 A - a wand of flame (14)
Scrolls
 f - 7 scrolls of enchant weapon
 i - 5 scrolls of remove curse
 j - 6 scrolls of teleportation
 o - 3 scrolls of fog
 u - a scroll of fear
 x - 2 scrolls of amnesia
Potions
 b - 2 potions of might
 g - a potion of berserk rage
 k - 3 potions of curing
 l - a potion of flight {unknown}
 m - a potion of magic {unknown}
 n - 2 potions of brilliance {unknown}
 q - a potion of mutation {unknown}
 v - a potion of lignification {unknown}
 z - a potion of invisibility {unknown}


   Skills:
 - Level 5.3 Fighting
 * Level 6.9 Throwing
 - Level 3.0 Dodging
 - Level 5.3 Shields
 - Level 2.0 Unarmed Combat


You had 7 spell levels left.
You didn't know any spells.
Your spell library was empty.

Dungeon Overview and Level Annotations

Branches:
Dungeon (6/15)             Temple (1/1) D:5

Altars:
Cheibriados
Dithmenos
Elyvilon
Fedhas
Gozag
Hepliaklqana
Kikubaaqudgha
Makhleb
Nemelex Xobeh
Okawaru
Qazlal
Ru
Trog
Uskayaw
Vehumet
Wu Jian
Xom
Yredelemnul
Zin
The Shining One

Shops:
D:5 *


Innate Abilities, Weirdness & Mutations

You cannot wear most types of armour.
You are very stealthy in the water. (Stealth+)
You are amphibious.
You can wear up to eight rings at the same time.
You can use your tentacles to constrict eight enemies at once.
Your skin changes colour to match your surroundings (Stealth+).
Your rubbery body absorbs attacks. (AC +1, EV +1)


Message History

A white imp comes into view.
A white imp is nearby!
A white imp is nearby!
A white imp is nearby!
A white imp is nearby!
You feel sick.
The white imp shouts!
The white imp gestures at you. You block the puff of frost.
The white imp shouts, "Away with thee, thou foisting spur-galled nert!"
You block the white imp's attack. The white imp closely misses you.
You tentacle-slap the white imp. Your grab misses the white imp.
The white imp is moderately wounded.
You feel sick. You block the white imp's attack.
You closely miss the white imp. Your grab misses the white imp.
The white imp is moderately wounded.
The white imp gestures at you. The puff of frost hits you!
You die...

.. .<..... ... .....
#... #..#
##...###..###########
...............#.>..
..........>...#....
#..##...####.###.##
#>####'###(..####+###.##
.....'.@5..............#
.....#...........(.....#
### #..###..##.......##
##..###+###....(..#
#....# +.......# #....#
#.....((# #...##
#...##..#. #...#
#...##.(#. ..... ....
#..#.


You could see a white imp.

Vanquished Creatures
  A human (D:3)
  A phantom (D:4)
  A sky beast (D:6)
  A centaur (D:5)
  2 bullfrogs
  A scorpion (D:3)
  3 orc priests
  A bullfrog skeleton (D:5)
  2 orc wizards
  3 worker ants
  2 hound skeletons (D:5)
  6 adders
  A howler monkey skeleton (D:4)
  A white imp (D:6)
  2 ufetubi (D:5)
  An ooze (D:4)
  4 worms
  A dart slug (D:1)
  7 leopard geckos
  17 orcs
  5 giant cockroaches
  3 goblins (D:1)
  7 hobgoblins
  4 jackals (D:2)
  7 kobolds
  A quokka (D:5)
  3 ball pythons
  12 bats
  5 frilled lizards
  A goblin zombie (D:3)
  A kobold skeleton (D:3)
  9 rats
116 creatures vanquished.

Notes
Turn   | Place    | Note
-------+----------+-------------------------------------------
     0 | D:1      | Zeld the Octopode Fighter began the quest for the Orb.
     0 | D:1      | Reached XP level 1. HP: 16/16 MP: 1/1
   209 | D:1      | Reached XP level 2. HP: 15/21 MP: 2/2
  1101 | D:1      | Reached XP level 3. HP: 26/26 MP: 3/3
  1311 | D:1      | You fall into a shaft and drop 1 floor!
  2062 | D:2      | Reached XP level 4. HP: 28/33 MP: 4/4
  2533 | D:2      | Found a faded altar of an unknown god.
  2742 | D:3      | Found a runed translucent door.
  2742 | D:3      | Noticed a human
  2745 | D:3      | Found a basalt altar of Yredelemnul.
  2774 | D:3      | Killed a human
  2775 | D:3      | Reached skill level 5 in Fighting
  2775 | D:3      | Reached skill level 5 in Shields
  2775 | D:3      | Reached XP level 5. HP: 6/39 MP: 5/5
  2775 | D:3      | Reached XP level 6. HP: 7/45 MP: 6/6
  3499 | D:3      | Noticed an orc warrior
  4280 | D:4      | Reached skill level 1 in Throwing
  4643 | D:4      | Noticed a phantom
  4666 | D:4      | Killed a phantom
  4667 | D:4      | Reached skill level 3 in Throwing
  4667 | D:4      | Reached XP level 7. HP: 23/50 MP: 7/7
  4876 | D:4      | Found an ancient bone altar of Kikubaaqudgha.
  5383 | D:5      | Entered Level 5 of the Dungeon
  5463 | D:5      | Found a glowing silver altar of Zin.
  5985 | D:5      | Reached skill level 4 in Throwing
  5988 | D:5      | Found a snail-covered altar of Cheibriados.
  6415 | D:5      | Reached skill level 5 in Throwing
  7337 | D:5      | Found Jank's Assorted Antiques.
  7360 | D:5      | Bought a scroll labelled LEDAOB LISU for 32 gold pieces
  7360 | D:5      | Bought a scroll labelled IWIG HOENEPNU for 32 gold pieces
  7360 | D:5      | Bought a scroll labelled WOHUCH ZACOO for 32 gold pieces
  7360 | D:5      | Bought a curved glass wand for 128 gold pieces
  7360 | D:5      | Bought a wand of paralysis (10) for 64 gold pieces
  7407 | D:5      | Found a staircase to the Ecumenical Temple.
  7458 | Temple   | Entered the Ecumenical Temple
  7526 | Temple   | Became a worshipper of Warmaster Okawaru
  7673 | D:5      | Got a scorched lead ring
  7757 | D:5      | Identified the ring "Gunnah" {*Tele MP+9 Dex-4 Slay+5 SInv}
                  | (You found it on level 5 of the Dungeon)
  7800 | D:6      | Found an opulent altar of Gozag.
  7984 | D:5      | Reached skill level 6 in Throwing
  7984 | D:5      | Reached XP level 8. HP: 30/55 MP: 8/8
  8418 | D:6      | Killed from afar by a white imp

Illustrated notes

Levels and vault maps discovered:
D:1:      scummos_arrival_checkerplants, layout_basic, serial_forest,
          infiniplex_forest_lined_corner, infiniplex_forest_fountain,
          infiniplex_forest_lined_corner, infiniplex_forest_clump_medium,
          infiniplex_forest_clump_medium, infiniplex_forest_side_room,
          infiniplex_forest_lined_room_, infiniplex_forest_clump_medium,
          minmay_split_cup_large
D:2:      layout_rooms, chequers_ecumenical_altar_simple, serial_corexii_hall,
          chequers_hall_statues_y, corexii_hall_statues_x
D:3:      layout_rooms, chequers_decorated_corner, dk_yredelemnul_ordeal
D:4:      layout_basic, kennysheep_mini, chequers_serial_rivers_large_a,
          minmay_hedge_maze, corexii_hall_statues_deadend
D:5:      layout_basic, zin_academy, old_standard_altar, temple_green,
          serial_shops, nicolae_shop_crystal
D:6:      layout_gridville, nicolae_gozag_cash_rules_everything_around_me
Temple:   nicolae_temple_elliptical

Skill      XL: |  1  2  3  4  5  6  7 |
---------------+----------------------+-----
Fighting       | 4 5 |  5.3
Shields        | 5 |  5.3
Throwing       | 3 6 |  6.9
Dodging        | |  3.0
Unarmed Combat | |  2.0

Action                   |  1- 3 |  4- 6 |  7- 9 || total
-------------------------+-------+-------+-------++-------
Melee: Unarmed           |    86 |   121 |   144 ||   351
       Constrict         |    22 |    31 |    32 ||    85
       Tentacles         |    15 |    27 |    34 ||    76
       Punch             |     2 |     3 |     5 ||    10
Throw: Dart              |       |       |     9 ||     9
  Use: Scroll            |       |       |    16 ||    16
 Stab: Sleeping          |     8 |     3 |     1 ||    12
Armor: Skin              |     4 |    10 |     5 ||    19
Dodge: Dodged            |    29 |    46 |    58 ||   133
Block: Kite shield       |    23 |    50 |    81 ||   154
